 Dungeon Crawl Stone Soup version 0.21.1-1-g345015f (webtiles) character file.

437 troglodite the Charmwright (level 7, 0/56 HPs)
             Began as a Gnoll Skald on Feb 13, 2018.
             Slain by a slave (1 damage)
             ... led by Pikel
             ... on level 4 of the Dungeon.
             The game lasted 00:10:34 (3575 turns).

troglodite the Charmwright (Gnoll Skald)            Turns: 3575, Time: 00:10:34

Health: 0/56       AC:  5    Str: 15    XL:     7   Next: 1%
Magic:  7/15       EV: 13    Int: 16    God:
Gold:   166        SH:  0    Dex: 14    Spells: 9/16 levels left

rFire    + . .     SeeInvis .   y - +2 scythe (venom)
rCold    x . .     Gourm    +   (shield currently unavailable)
rNeg     . . .     Faith    .   z - +0 ring mail (curse)
rPois    .         Spirit   .   (no helmet)
rElec    .         Reflect  .   (no cloak)
rCorr    +         Harm     .   (no gloves)
MR       .....                  (no boots)
Stlth    +.........             s - amulet of the gourmand
HPRegen  0.18/turn              h - ring of resist corrosion
MPRegen  0.14/turn              j - ring of fire

@: very slightly contaminated
A: distributed training, fangs 1, strong nose
a: no special abilities


You were on level 4 of the Dungeon.
You were completely stuffed.

You visited 1 branch of the dungeon, and saw 4 of its levels.

You collected 166 gold pieces.

Inventory:

Hand Weapons
 a - a +0 falchion
 r - a +2 whip of venom
 y - a +2 scythe of venom (weapon)
Armour
 z - a cursed +0 ring mail (worn)
Jewellery
 h - a ring of resist corrosion (left hand)
 j - a ring of fire (right hand)
 s - an amulet of the gourmand (around neck)
Wands
 b - a wand of random effects (27)
Scrolls
 e - 2 scrolls of enchant weapon {unknown}
 f - a scroll of immolation {unknown}
 i - 6 scrolls of identify {unknown}
 l - a scroll of magic mapping {unknown}
 m - 2 scrolls of amnesia {unknown}
 o - 3 scrolls of blinking {unknown}
 p - 2 scrolls of random uselessness {unknown}
 q - a scroll of enchant armour {unknown}
 u - a scroll of remove curse {unknown}
 v - a scroll of fog {unknown}
 w - 3 scrolls of teleportation {unknown}
Potions
 g - 2 potions of curing
 k - a potion of lignification {unknown}
 n - a potion of mutation {unknown}
Books
 c - a book of Battle

   Spells                             Type                      Level
   a - Infusion                       Charms                       1
   b - Shroud of Golubria             Charms/Translocation         2
   c - Song of Slaying                Charms                       2
   d - Spectral Weapon                Hexes/Charms                 3
   e - Regeneration                   Charms/Necromancy            3
Comestibles
 d - 8 rations


   Skills:
 + Level 5.1 Fighting
 + Level 2.1 Short Blades
 + Level 5.1 Long Blades
 + Level 2.1 Axes
 + Level 2.1 Maces & Flails
 + Level 2.1 Polearms
 + Level 2.1 Staves
 + Level 2.1 Slings
 + Level 2.1 Bows
 + Level 2.1 Crossbows
 + Level 2.1 Throwing
 + Level 3.4 Armour
 + Level 5.1 Dodging
 + Level 2.1 Stealth
 + Level 2.1 Shields
 + Level 2.1 Unarmed Combat
 + Level 5.4 Spellcasting
 + Level 1.7 Conjurations
 + Level 1.7 Hexes
 + Level 5.7 Charms
 + Level 1.7 Summonings
 + Level 1.7 Necromancy
 + Level 1.7 Translocations
 + Level 1.7 Transmutations
 + Level 1.7 Fire Magic
 + Level 1.7 Ice Magic
 + Level 1.7 Air Magic
 + Level 1.7 Earth Magic
 + Level 1.7 Poison Magic
 + Level 2.4 Invocations
 + Level 2.1 Evocations


You had 9 spell levels left.
You knew the following spells:

 Your Spells              Type           Power        Failure   Level  Hunger
a - Infusion              Chrm           ###.         2%          1    None
b - Spectral Weapon       Hex/Chrm       ###.....     19%         3    ###....
c - Regeneration          Chrm/Necr      ###.......   19%         3    ###....


Dungeon Overview and Level Annotations

Branches:
Dungeon (4/15)
 Temple: D:4-7

Altars:
Sif Muna

Annotations:
D:4 Dowan, Duvessa, Pikel


Innate Abilities, Weirdness & Mutations

Your experience applies equally to all skills.
You have very sharp teeth.
Your uncanny sense of smell can sniff out nearby items.


Message History

Dowan's robes are whipped around by a magical breeze.
The slave barely misses you. Pikel hits you with a whip of flaming.
* * * LOW HITPOINT WARNING * * *
The slave barely misses your spectral weapon.
The slave hits you.
* * * LOW HITPOINT WARNING * * *
Dowan casts a spell.
Dowan blinks!
You hit Pikel.
Pikel looks as sick as possible!
Pikel is heavily wounded.
Your spectral weapon barely misses Pikel.
The slave hits you.
* * * LOW HITPOINT WARNING * * *
Pikel hits you with a whip of flaming.
* * * LOW HITPOINT WARNING * * *
The slave hits your spectral weapon!
Your spectral weapon shares its damage with you!
* * * LOW HITPOINT WARNING * * *
The slave barely misses you. The slave hits you.
You die...

.....#.#...
..............+(
.....#.#..... #e#
......#.....###§#
......#.....#.#.#
8...8###.....##.#
..8...#.....#.#e#
......#......##K##
......#.......p(@#
.....#.#.......pp# ∆
....#.#.#........##.#
...#.#.#.#..........#
..#.##.##.#.....#######
.#.###.###.#...>.......
#.## .# ##.#.......###
.## .# ##.#..#...# ##
.# ##.#.#.####


You could see Pikel, Duvessa, 3 slaves, Dowan and a friendly spectral scythe of
venom.

Vanquished Creatures
  Sigmund (D:4)
  A slave (D:3)
  A phantom (D:4)
  A hound (D:4)
  An orc wizard (D:4)
  3 gnolls (D:4)
  A howler monkey skeleton (D:4)
  2 adders
  An ooze (D:2)
  2 worms (D:2)
  2 leopard geckos (D:4)
  9 orcs
  4 bats
  6 giant cockroaches
  5 hobgoblins
  4 jackals (D:1)
  2 quokkas (D:3)
  2 ball pythons
  A frilled lizard (D:2)
  10 goblins
  A kobold (D:3)
  5 rats
  A plant (D:3)
66 creatures vanquished.

Notes
Turn   | Place    | Note
-------+----------+-------------------------------------------
     0 | D:1      | troglodite the Gnoll Skald began the quest for the Orb.
     0 | D:1      | Reached XP level 1. HP: 20/20 MP: 6/6
   164 | D:1      | Reached XP level 2. HP: 26/26 MP: 7/7
   542 | D:1      | Reached XP level 3. HP: 31/31 MP: 9/9
   556 | D:1      | Learned a level 3 spell: Spectral Weapon
   560 | D:1      | Learned a level 3 spell: Regeneration
   754 | D:2      | Reached skill level 5 in Spellcasting
  1121 | D:2      | Reached skill level 1 in Invocations
  1427 | D:3      | Reached skill level 1 in Short Blades
  1427 | D:3      | Reached skill level 1 in Axes
  1427 | D:3      | Reached skill level 1 in Maces & Flails
  1427 | D:3      | Reached skill level 1 in Polearms
  1427 | D:3      | Reached skill level 1 in Staves
  1427 | D:3      | Reached skill level 1 in Slings
  1427 | D:3      | Reached skill level 1 in Bows
  1427 | D:3      | Reached skill level 1 in Crossbows
  1427 | D:3      | Reached skill level 1 in Throwing
  1427 | D:3      | Reached skill level 1 in Stealth
  1427 | D:3      | Reached skill level 1 in Shields
  1427 | D:3      | Reached skill level 1 in Unarmed Combat
  1427 | D:3      | Reached skill level 1 in Evocations
  1703 | D:3      | Reached XP level 4. HP: 32/38 MP: 7/11
  2052 | D:3      | Found a deep blue altar of Sif Muna.
  2782 | D:4      | Noticed Sigmund
  2799 | D:4      | Killed Sigmund
  2799 | D:4      | Reached skill level 1 in Conjurations
  2799 | D:4      | Reached skill level 1 in Hexes
  2799 | D:4      | Reached skill level 1 in Summonings
  2799 | D:4      | Reached skill level 1 in Necromancy
  2799 | D:4      | Reached skill level 1 in Translocations
  2799 | D:4      | Reached skill level 1 in Transmutations
  2799 | D:4      | Reached skill level 1 in Fire Magic
  2799 | D:4      | Reached skill level 1 in Ice Magic
  2799 | D:4      | Reached skill level 1 in Air Magic
  2799 | D:4      | Reached skill level 1 in Earth Magic
  2799 | D:4      | Reached skill level 1 in Poison Magic
  2799 | D:4      | Reached XP level 5. HP: 12/43 MP: 9/12
  2799 | D:4      | Reached XP level 6. HP: 14/50 MP: 9/13
  2814 | D:4      | Reached skill level 5 in Fighting
  2814 | D:4      | Reached skill level 5 in Long Blades
  2814 | D:4      | Reached skill level 5 in Dodging
  3260 | D:4      | Noticed a phantom
  3275 | D:4      | Killed a phantom
  3275 | D:4      | Reached XP level 7. HP: 30/56 MP: 15/15
  3326 | D:4      | Noticed Pikel
  3332 | D:4      | Noticed Duvessa
  3570 | D:4      | Noticed Dowan
  3575 | D:4      | HP: 1/56 [slave[Pikel] (3)]
  3575 | D:4      | Slain by a slave

Skill      XL: |  1  2  3  4  5  6 |
---------------+-------------------+-----
Spellcasting   | 5 |  5.4
Invocations    | 1 2 |  2.4
Short Blades   | 1 2 |  2.1
Axes           | 1 2 |  2.1
Maces & Flails | 1 2 |  2.1
Polearms       | 1 2 |  2.1
Staves         | 1 2 |  2.1
Slings         | 1 2 |  2.1
Bows           | 1 2 |  2.1
Crossbows      | 1 2 |  2.1
Throwing       | 1 2 |  2.1
Stealth        | 1 2 |  2.1
Shields        | 1 2 |  2.1
Unarmed Combat | 1 2 |  2.1
Evocations     | 1 2 |  2.1
Armour         | 3 |  3.4
Conjurations   | 1 |  1.7
Hexes          | 1 |  1.7
Summonings     | 1 |  1.7
Necromancy     | 1 |  1.7
Translocations | 1 |  1.7
Transmutations | 1 |  1.7
Fire Magic     | 1 |  1.7
Ice Magic      | 1 |  1.7
Air Magic      | 1 |  1.7
Earth Magic    | 1 |  1.7
Poison Magic   | 1 |  1.7
Fighting       | 5 |  5.1
Long Blades    | 5 |  5.1
Dodging        | 5 |  5.1
Charms         | |  5.7

Action                   |  1- 3 |  4- 6 |  7- 9 || total
-------------------------+-------+-------+-------++-------
Melee: Falchion          |    89 |    13 |       ||   102
       Bite              |     6 |    13 |     1 ||    20
       Whip              |       |    57 |       ||    57
       Scythe            |       |    24 |     9 ||    33
 Cast: Infusion          |     1 |       |       ||     1
       Spectral Weapon   |     1 |     1 |     1 ||     3
  Use: Potion            |       |     2 |       ||     2
 Stab: Sleeping          |     2 |       |       ||     2
  Eat: Chunk             |     2 |    14 |     1 ||    17
Armor: Leather armour    |    12 |     2 |       ||    14
       Ring mail         |       |    18 |     3 ||    21
Dodge: Dodged            |    59 |    76 |    15 ||   150
       Rpst.: Falchion   |    19 |     2 |       ||    21
